 Dungeon Crawl Stone Soup version 0.25-a0-578-gc91f01c39c (webtiles) character file.

Game seed: 9956632297041788496, levelgen mode: deterministic

833 Flugslaktarn the Chopper (level 7, -2/64 HPs)
             Began as a Deep Dwarf Fighter on Mar 5, 2020.
             Was an Initiate of Makhleb.
             Slain by an ogre
             ... wielding a +0 giant club
              (20 damage)
             ... on level 6 of the Dungeon.
             The game lasted 00:01:38 (2325 turns).

Flugslaktarn the Chopper (Deep Dwarf Fighter)       Turns: 2325, Time: 00:01:38

Health: -2/64      AC:  3    Str: 22    XL:     7   Next: 66%
Magic:  7/7        EV:  2    Int:  8    God:    Makhleb [......]
Gold:   203        SH:  0    Dex: -7 (12) Spells: 6/6 levels left

rFire    . . .     SeeInvis .   a - +0 war axe
rCold    . . .     Gourm    .   c - +1 kite shield
rNeg     . . .     Faith    .   b - +0 scale mail
rPois    .         Spirit   .   (no helmet)
rElec    .         Reflect  .   (no cloak)
rCorr    .         Harm     .   (no gloves)
MR       +....                  (no boots)
Stlth    ..........             (no amulet)
HPRegen  0.00/turn              p - -4 ring of protection (curse)
MPRegen  0.10/turn              (no ring)

@: non-regenerating, slowed, lost dexterity, very slow
A: damage resistance, heal wounds, sense surroundings 1, no regeneration
a: Heal Wounds, Renounce Religion


You were on level 6 of the Dungeon.
You worshipped Makhleb.
Makhleb was noncommittal.
You were not hungry.

You visited 2 branches of the dungeon, and saw 7 of its levels.

You collected 203 gold pieces.

Inventory:

Hand Weapons
 a - a +0 war axe (weapon)
Armour
 b - a +0 scale mail (worn)
 c - a +1 kite shield (worn)
Jewellery
 p - a cursed -4 ring of protection (left hand)
   (You found it on level 4 of the Dungeon)
Wands
 n - a wand of iceblast (6)
   (You found it on level 4 of the Dungeon)
Scrolls
 i - 3 scrolls of teleportation {unknown}
 j - a scroll of magic mapping {unknown}
 l - a scroll of random uselessness {unknown}
Potions
 d - a potion of might
 g - 2 potions of lignification {unknown}
 h - a potion of haste
 k - a potion of stabbing
 m - 2 potions of magic
 o - 2 potions of berserk rage {unknown}
Comestibles
 e - 4 rations
 q - 7 chunks of flesh


   Skills:
 + Level 4.2 Fighting
 * Level 6.1 Axes
 + Level 5.2 Armour
 + Level 5.1 Shields
 + Level 3.0 Invocations


You had 6 spell levels left.
You didn't know any spells.
Your spell library was empty.

Dungeon Overview and Level Annotations

Branches:
Dungeon (6/15)             Temple (1/1) D:4

Altars:
Ashenzari
Cheibriados
Dithmenos
Elyvilon
Fedhas
Gozag
Hepliaklqana
Kikubaaqudgha
Makhleb
Nemelex Xobeh
Okawaru
Qazlal
Ru
Sif Muna
Trog
Uskayaw
Vehumet
Yredelemnul
Zin
The Shining One


Innate Abilities, Weirdness & Mutations

You are resistant to damage.
You can heal yourself by infusing magical energy.
You passively map a small area around you.
You do not regenerate.


Message History

You slash the jackal!
You kill the jackal!
Makhleb accepts your kill.
You closely miss the jackal. The jackal bites you. x2
The ogre completely misses you.
You slash the ogre!
The ogre is severely wounded.
You hit the jackal but do no damage. The jackal bites you.
The jackal bites you but does no damage.
The ogre hits you with a +0 giant club!!
The jackal bites you.
Your shield and scale mail prevent you from hitting the ogre.
The ogre is severely wounded.
You slash the jackal!
You kill the jackal!
Makhleb accepts your kill.
The ogre hits you with a +0 giant club!!
* * * LOW HITPOINT WARNING * * *
The ogre hits you with a +0 giant club!!
You die...

........# , ........# *
.......# ,*, , ,.......#
* ,* , ,, #....# *,
#....#### * , ,
+.<..'..# ,, *
*######*#....##.# , ,
#@...###....##.#
.....hO†#..........#.###
.....####..#######.#....
.....'......#....#.####.
.....####...#.##.#.#..#.
.. #...#.##.#.#..#. . ,
#...#.##.#<#.... * ,,
#...#.#..#.#....
#...#.#.##.#....


You could see an ogre and a jackal.

Vanquished Creatures
  A water moccasin (D:5)
  A centaur (D:5)
  2 bullfrogs
  A scorpion (D:5)
  A howler monkey (D:4)
  A jelly (D:5)
  A quasit (D:6)
  A hound (D:6)
  An orc priest (D:4)
  A gnoll shaman (D:6)
  2 bullfrog skeletons
  2 orc wizards
  2 worker ants
  3 adders
  6 gnolls
  An adder skeleton (D:5)
  A dart slug (D:2)
  A leopard gecko (D:2)
  7 orcs
  3 bats
  4 giant cockroaches
  3 goblins
  A hobgoblin (D:2)
  2 jackals (D:6)
  2 kobolds (D:3)
  2 frilled lizards
  A jackal skeleton (D:4)
  A rat (D:2)
55 creatures vanquished.

Notes
Turn   | Place    | Note
-------+----------+-------------------------------------------
     0 | D:1      | Flugslaktarn the Deep Dwarf Fighter began the quest for the
                  | Orb.
     0 | D:1      | Reached XP level 1. HP: 20/20 MP: 1/1
   135 | D:2      | Reached XP level 2. HP: 25/27 MP: 2/2
   311 | D:3      | Reached skill level 3 in Axes
   311 | D:3      | Reached XP level 3. HP: 17/34 MP: 3/3
   436 | D:4      | Found an ancient bone altar of Kikubaaqudgha.
   462 | D:4      | Reached XP level 4. HP: 28/42 MP: 4/4
   474 | D:5      | Entered Level 5 of the Dungeon
   662 | D:4      | Reached skill level 4 in Axes
   662 | D:4      | Reached XP level 5. HP: 46/49 MP: 5/5
  1059 | D:4      | Found a staircase to the Ecumenical Temple.
  1327 | Temple   | Entered the Ecumenical Temple
  1431 | Temple   | Became a worshipper of Makhleb the Destroyer
  1501 | D:5      | Noticed a water moccasin
  1508 | D:5      | Killed a water moccasin
  1508 | D:5      | Reached skill level 1 in Invocations
  1508 | D:5      | Reached XP level 6. HP: 29/57 MP: 6/6
  1530 | D:5      | Reached skill level 5 in Axes
  1757 | D:5      | Reached XP level 7. HP: 58/64 MP: 8/8
  2167 | D:6      | Reached skill level 5 in Armour
  2167 | D:6      | Reached skill level 5 in Shields
  2174 | D:6      | Found a white marble altar of Elyvilon.
  2299 | D:6      | Lost dexterity.
  2304 | D:6      | Reached skill level 6 in Axes
  2325 | D:6      | Slain by an ogre

Levels and vault maps discovered:
D:1:      elethiomel_arrival_infinity_welcomes_careful_drivers, layout_basic
D:2:      layout_basic, first_ration
D:3:      layout_basic
D:4:      layout_basic, overflow_temple_1_default,
          minmay_temple_entry_drinking_statues
D:5:      layout_loops_corners, minmay_manual_mess
D:6:      layout_basic, elyvilon_altar_5
Temple:   regret_index_temple_chain_breaker

Skill      XL: |  1  2  3  4  5  6  7 |
---------------+----------------------+-----
Fighting       | 3 4 |  4.2
Axes           | 3 4 5 6 |  6.1
Armour         | 4 5 |  5.2
Shields        | 4 5 |  5.1
Invocations    | 1 2 3 |  3.0

Action                   |  1- 3 |  4- 6 |  7- 9 || total
-------------------------+-------+-------+-------++-------
Melee: War axe           |    68 |    82 |    90 ||   240
 Abil: Heal Wounds       |     1 |     5 |     6 ||    12
  Use: Scroll            |       |     6 |       ||     6
  Eat: Chunk             |       |     3 |     2 ||     5
Armor: Scale mail        |    28 |    22 |    69 ||   119
Dodge: Dodged            |    31 |    30 |    48 ||   109
Block: Kite shield       |    41 |    45 |    57 ||   143

Table legend:
 A = Non-vault XP
 B = Vault XP
 C = Vault XP percentage of total XP
 D = Non-vault monster count
 E = Vault monster count
 F = Vault count percentage of total count
                 A         B        C        D         E       F
            +---------+---------+-------+---------+---------+-------
      Total |    1022 |     169 |  14.2 |      51 |       4 |   7.3
            +---------+---------+-------+---------+---------+-------
        D:1 |       6 |       0 |   0.0 |       3 |       0 |   0.0
        D:2 |      17 |       0 |   0.0 |       8 |       0 |   0.0
        D:3 |      48 |       0 |   0.0 |       7 |       0 |   0.0
        D:4 |     245 |       0 |   0.0 |      14 |       0 |   0.0
        D:5 |     443 |     169 |  27.6 |      10 |       4 |  28.6
        D:6 |     263 |       0 |   0.0 |       9 |       0 |   0.0
            +---------+---------+-------+---------+---------+-------
